[Event "*** Titled Tuesday 3|2 Blitz"]
[Site "Chess.com"]
[Date "2015.11.03"]
[Round "1"]
[White "SerGo055"]
[Black "kharposh"]
[Result "1-0"]
[WhiteElo "2407"]
[BlackElo "2078"]
[TimeControl "180+2"]
[EndTime "17:04:42 PST"]
[Termination "SerGo055 won by resignation"]

1. d4 d5 2. Nf3 Nf6 3. c4 e6 4.
Nc3 Be7 5. Bg5 O-O 6. e3 h6 7.
Bh4 Ne4 8. Bxe7 Qxe7 9. Bd3 Nxc3 10. bxc3 dxc4 11. Bxc4 c5 12. O-O b6 13. a4 Bb7 14.
a5 Nd7 15. Be2 Rac8 16. axb6 axb6 17. Ra7 Rc7 18. Qa1 e5 19. Rb1 cxd4 20. cxd4 exd4 21. Nxd4 Ne5 22. Bf1 Be4 23. Rxc7 Qxc7 24. Rc1 Qb7 25. Nb5 Rc8 26. Rxc8+ Qxc8 27. Qxe5 1-0

[Event "*** Titled Tuesday 3|2 Blitz"]
[Site "Chess.com"]
[Date "2015.11.03"]
[Round "1"]
[White "Penguininja"]
[Black "Izoria123"]
[Result "0-1"]
[WhiteElo "2153"]
[BlackElo "2451"]
[TimeControl "180+2"]
[EndTime "17:05:07 PST"]
[Termination "Izoria123 won by resignation"]

1. d4 Nf6 2. Nf3 g6 3. c4 Bg7 4. Nc3 d5 5. cxd5 Nxd5 6. e4 Nxc3 7. bxc3 c5 8. Be3 Qa5 9. Qd2 O-O 10. Rb1 b6 11. Rb5 Qa4 12. Rb3 Bg4 13. Be2 cxd4 14. cxd4 Bxf3 15. gxf3 Qd7 16. O-O Nc6 17. Bb5 a6 18. Bxc6 Qxc6 19. d5 Qf6 20. Bxb6 Rab8 21.
Rd1 Rxb6 22. Re3 Qg5+ 23. Kh1 Be5 24. Ree1 Qxd2 25. Rxd2 0-1

[Event "*** Titled Tuesday 3|2 Blitz"]
[Site "Chess.com"]
[Date "2015.11.03"]
[Round "1"]
[White "ArnaudovP"]
[Black "ilmago"]
[Result "0-1"]
[WhiteElo "2320"]
[BlackElo "1922"]
[TimeControl "180+2"]
[EndTime "17:06:08 PST"]
[Termination "ilmago won by checkmate"]

1. d4 Nf6 2. c4 g6 3. Nc3 Bg7 4. e4 d6 5. h3 O-O 6. Nf3 c5 7. d5 e6 8. Bd3 exd5 9. exd5 Re8+ 10. Be3 Nbd7 11. O-O Ne5 12. Nxe5 Rxe5 13. Qd2 a6 14. Bf4 Re7 15. Bh6 Nd7 16. Bg5 f6 17. Be3 Ne5 18.
Be2 Bd7 19. f4 Nf7 20. Bd3 f5 21. Kh1 Qe8 22. Bf2 b5 23. Rae1 bxc4 24. Bxc4 Bb5 25. Bxb5 axb5 26. Nxb5 Rxe1 27. Rxe1 Qxb5 28. b3 Qa5 29.
Qd3 Qxa2 30. Bg1 Qa5 31. Re7 Bf6 32. Re6 Qc3 33. Qe2 Bd4 34. Bxd4 Qxd4 35. Kh2 Qxf4+ 36.
g3 Qd4 37. Re7 Ra1 38. Qg2 Rb1 39. Re2 Rxb3 40. Ra2 Ne5 41. h4 Ng4+ 42. Kh3 Ne3 43. Qe2 Qxd5 44. Ra1 Kg7 45. Re1 Qd4 46. Qf2 Rb2 47.
Qxe3 Qg4# 0-1

[Event "*** Titled Tuesday 3|2 Blitz"]
[Site "Chess.com"]
[Date "2015.11.03"]
[Round "1"]
[White "Tesla17"]
[Black "Dlugy"]
[Result "0-1"]
[WhiteElo "2226"]
[BlackElo "2574"]
[TimeControl "180+2"]
[EndTime "17:06:21 PST"]
[Termination "Dlugy won by resignation"]

1. d4 Nf6 2. c4 g6 3. Nc3 Bg7 4. e4 d6 5. Be2 O-O 6. Nf3 e5 7. O-O exd4 8. Nxd4 Re8 9. f3 c6 10.
Kh1 Nbd7 11. Bg5 Qa5 12. Bh4 a6 13. Bg3 Ne5 14. Qd2 Nh5 15. Bf2 Qc7 16. Rfd1 b5 17.
cxb5 axb5 18. a3 Nc4 19. Bxc4 bxc4 20. Qc2 Nf4 21. Bg3 Be5 22. Nde2 Nd3 23. Bxe5 Rxe5 24. b3 Nf2+ 25. Kg1 Nxd1 26. Nxd1 Qb6+ 27. Kh1 cxb3 28. Qb2 Be6 29. Ndc3 Bc4 30. Ng3 Rea5 31. f4 Qc5 32. Nb1 h5 33. e5 dxe5 34. Ne4 Qd4 35. Nbc3 exf4 36. Rd1 Qe5 37. Qf2 Rxa3 38. Qh4 Ra1 0-1

[Event "*** Titled Tuesday 3|2 Blitz"]
[Site "Chess.com"]
[Date "2015.11.03"]
[Round "1"]
[White "AlexanderL"]
[Black "Goala"]
[Result "1-0"]
[WhiteElo "2566"]
[BlackElo "2222"]
[TimeControl "180+2"]
[EndTime "17:06:54 PST"]
[Termination "AlexanderL won by checkmate"]

1. d4 e6 2. e4 d5 3. Nd2 Nf6 4.
e5 Nfd7 5. Bd3 c5 6. c3 Nc6 7. Ne2 cxd4 8. cxd4 f6 9. exf6 Nxf6 10. O-O Bd6 11. Nf3 Qc7 12. Bg5 O-O 13. Bh4 Nh5 14. Bg3 Nxg3 15. hxg3 g6 16. Rc1 Qg7 17. Bb1 Bd7 18. Qd2 h6 19. Qe3 g5 20. g4 Bf4 21. Nxf4 Rxf4 22. Rxc6 bxc6 23. g3 Rxf3 24.
Qxf3 Qxd4 25. Qb3 Qb6 26. Qc2 Be8 27. Qh7+ Kf8 28. Re1 Qxb2 29. Rxe6 Qg7 30. Qf5+ Kg8 31. Rf6 Bf7 32. Rxc6 Rd8 33. Rc7 d4 34. Bd3 Qf8 35.
Qh7# 1-0

[Event "*** Titled Tuesday 3|2 Blitz"]
[Site "Chess.com"]
[Date "2015.11.03"]
[Round "1"]
[White "Alliswell998"]
[Black "Sadovsky_Artem"]
[Result "0-1"]
[WhiteElo "2099"]
[BlackElo "2413"]
[TimeControl "180+2"]
[EndTime "17:07:11 PST"]
[Termination "Sadovsky_Artem won by resignation"]

1. e4 g6 2. Nc3 Bg7 3. f4 d6 4. Nf3 c5 5. Bc4 a6 6. a4 Nf6 7. d3 O-O 8. O-O Nc6 9. Kh1 Rb8 10. Be3 Bg4 11. h3 Bxf3 12. Qxf3 Nd4 13. Qf2 Nd7 14. a5 e6 15. Rac1 Qxa5 16. f5 exf5 17. Qh4 b5 18.
Bd5 b4 19. Nd1 Ne2 20. Rb1 f4 21. Bxf4 Nxf4 22. Rxf4 Ne5 23. Ne3 h6 24. Qg3 Qd8 25. Rbf1 a5 26. h4 h5 27. c3 bxc3 28. bxc3 Kh8 29. d4 cxd4 30. cxd4 Nd3 31. Rxf7 Rxf7 32. Rxf7 Bxd4 33. Nf5 Rb1+ 34. Kh2 Be5 35. Ne7 Bxg3+ 36. Kxg3 Ne5 0-1

[Event "*** Titled Tuesday 3|2 Blitz"]
[Site "Chess.com"]
[Date "2015.11.03"]
[Round "1"]
[White "LePlusMortel"]
[Black "Kanthecarowin"]
[Result "1-0"]
[WhiteElo "2438"]
[BlackElo "2150"]
[TimeControl "180+2"]
[EndTime "17:07:13 PST"]
[Termination "LePlusMortel won by resignation"]

1. Nf3 Nf6 2. g3 g6 3. Bg2 Bg7 4. O-O O-O 5. d3 d6 6. c3 Nbd7 7. Qa4 e5 8. Qh4 Nc5 9. a4 Nb3 10. Ra3 Nxc1 11. Rxc1 h6 12. a5 Be6 13. a6 Rb8 14.
axb7 Rxb7 15. b4 c6 16. Nbd2 g5 17. Nxg5 hxg5 18. Qxg5 Nd5 19. Qxd8 Rxd8 20. Nc4 e4 21. Na5 Rc7 22. Bxe4 Nxc3 23. Raxc3 Bxc3 24. Rxc3 d5 25. Bf3 Rb8 26. Rxc6 Rd7 27. h4 Rxb4 28. Rc8+ Kg7 29. Ra8 Ra4 30. Nc6 Rb7 31. Kg2 Ra1 32. h5 Rc1 33. Rxa7 Rbb1 34. Nd4 Rg1+ 35. Kh2 Bc8 36.
Bxd5 Kf6 37. Rxf7+ Ke5 38. Nf3+ Kxd5 39. Nxg1 Bg4 40.
f3 Be6 41. Rg7 Ke5 42. h6 Bf5 43. h7 Bxh7 44. Rxh7 Kd4 45. Re7 Kc3 46. Kg2 Kd2 47. Kf2 1-0

[Event "*** Titled Tuesday 3|2 Blitz"]
[Site "Chess.com"]
[Date "2015.11.03"]
[Round "1"]
[White "wanyaland"]
[Black "Boryboy"]
[Result "0-1"]
[WhiteElo "2195"]
[BlackElo "2471"]
[TimeControl "180+2"]
[EndTime "17:07:14 PST"]
[Termination "Boryboy won by resignation"]

1. d4 e6 2. c4 d5 3. Nc3 Nf6 4.
Nf3 Nbd7 5. e3 Bd6 6. Bd3 dxc4 7. Bxc4 a6 8. O-O b5 9. Bd3 Bb7 10. e4 b4 11. e5 bxc3 12. exd6 cxb2 13. Bxb2 cxd6 14.
Ba3 Qe7 15. Rb1 Bd5 16. Qe2 O-O 17. Ne5 Rfc8 18. Nc4 Bxc4 19. Bxc4 a5 20. d5 e5 21. f4 h6 22. Rfe1 e4 23. Bb5 Nc5 24. Bc6 Rab8 25. Bxc5 dxc5 26. Qc4 Qd6 27. g3 h5 28. Rec1 Rb4 29.
Qc3 h4 30. a3 Rxb1 31. Rxb1 hxg3 32. Qe5 gxh2+ 33. Kh1 Qf8 34. Rb2 Rd8 35. Rg2 Qd6 36. Kxh2 Qxe5 37. fxe5 Nxd5 38. Rd2 e3 39. Re2 Ne7 40. Bf3 Rd3 41. Kg3 Rxa3 42. Kf4 g6 43. Be4 Kg7 44. Rb2 Nf5 45. Kf3 Nd4+ 46. Kf4 e2 0-1

[Event "*** Titled Tuesday 3|2 Blitz"]
[Site "Chess.com"]
[Date "2015.11.03"]
[Round "1"]
[White "ZEN-22"]
[Black "GrigorGrigorov"]
[Result "1-0"]
[WhiteElo "2156"]
[BlackElo "2410"]
[TimeControl "180+2"]
[EndTime "17:07:30 PST"]
[Termination "ZEN-22 won by resignation"]

1. e3 c5 2. Ne2 Nf6 3. d4 e6 4. c4 cxd4 5. Nxd4 a6 6. Nc3 b6 7. Be2 Bb7 8. Bf3 Qc7 9. b3 Be7 10. O-O O-O 11. Bb2 d6 12. Rc1 Nbd7 13. Bxb7 Qxb7 14. Re1 Rac8 15. Qe2 Rfe8 16. f4 Bf8 17. e4 e5 18. fxe5 dxe5 19. Nf5 Nc5 20. Nd5 Ncxe4 21. Kh1 b5 22. Qf3 Nc5 23. Nxf6+ gxf6 24. Qg3+ Kh8 25.
cxb5 axb5 26. h3 Nd7 27. Rxc8 Rxc8 28. a4 Rc2 29. Ba3 b4 30. Bc1 Qc8 31. Bh6 Bxh6 32. Nxh6 Qf8 33. Nf5 Rc3 34. Qg4 Qg8 35. Rd1 Rc7 36.
Qxb4 Rc2 37. Qg4 Rc7 38. b4 Qxg4 39. hxg4 Kg8 40. b5 Kf8 41. b6 Rb7 42. a5 1-0

[Event "*** Titled Tuesday 3|2 Blitz"]
[Site "Chess.com"]
[Date "2015.11.03"]
[Round "1"]
[White "chesstatour"]
[Black "fastestmindalive"]
[Result "0-1"]
[WhiteElo "1918"]
[BlackElo "2330"]
[TimeControl "180+2"]
[EndTime "17:07:30 PST"]
[Termination "fastestmindalive won by resignation"]

1. d4 Nf6 2. c4 e6 3. Nf3 Bb4+ 4.
Bd2 Qe7 5. g3 Nc6 6. Bg2 Bxd2+ 7. Nbxd2 O-O 8. O-O d6 9. e3 e5 10. dxe5 dxe5 11. Qe2 Nd7 12. e4 f6 13. Nb1 Nc5 14.
Nc3 Ne6 15. Nd5 Qf7 16. Rac1 Ncd4 17. Nxd4 Nxd4 18. Qd3 c6 19. Ne3 Be6 20. b3 Rfd8 21. Kh1 Qc7 22. Rcd1 a5 23. Qb1 Rd7 24. f4 Rad8 25.
Nc2 Nxc2 26. Qxc2 a4 27. f5 Bf7 28. g4 h5 29. h3 hxg4 30. hxg4 axb3 31. axb3 Rd4 32.
Bf3 Qa5 33. Rxd4 exd4 34. Qd3 Qe5 35. Kg2 Ra8 36. Rf2 c5 37. Rd2 Be8 38. b4 b6 39.
bxc5 bxc5 40. Be2 Bc6 41. Bf3 Kf7 42. Re2 Rh8 43. Kf2 Rh2+ 44. Ke1 Qg3+ 45. Kd2 Qf4+ 46. Kc2 Ba4+ 47. Kb2 Rxe2+ 48. Qxe2 Qb8+ 49. Kc1 Qb3 50. e5 fxe5 51. Bd5+ Kf8 52. g5 d3 53. Qd2 Qa3+ 54.
Kb1 Bc2+ 0-1

[Event "*** Titled Tuesday 3|2 Blitz"]
[Site "Chess.com"]
[Date "2015.11.03"]
[Round "1"]
[White "ChadaevNikolay"]
[Black "Tirantes"]
[Result "1-0"]
[WhiteElo "2586"]
[BlackElo "2224"]
[TimeControl "180+2"]
[EndTime "17:07:58 PST"]
[Termination "ChadaevNikolay won by resignation"]

1. Nf3 Nf6 2. c4 e6 3. g3 b6 4. Bg2 Bb7 5. d4 Be7 6. Nc3 O-O 7. Qc2 d5 8. cxd5 exd5 9. O-O c5 10. dxc5 bxc5 11.
Nh4 g6 12. Rd1 Na6 13. a3 Nc7 14. Bf4 Ne6 15. Be5 Qb6 16. Bxd5 Nxd5 17. Nxd5 Bxd5 18. Rxd5 Bxh4 19. gxh4 Rac8 20. Rad1 Nd4 21. Bxd4 cxd4 22. Qd2 Rfe8 23. Rxd4 h5 24. e3 Qe6 25. b4 Qf5 26.
Rf4 Qe6 27. Qd7 Qb3 28. Rd6 Rf8 29. Qxa7 Rc1+ 30. Kg2 Qb1 31. Rd8 Rxd8 32. Qxf7+ Kh8 33. Qf6+ Kh7 34. Qxd8 Rg1+ 35. Kf3 Qd1+ 36. Qxd1 Rxd1 37.
b5 g5 38. hxg5 Kg6 39. Rb4 1-0

[Event "*** Titled Tuesday 3|2 Blitz"]
[Site "Chess.com"]
[Date "2015.11.03"]
[Round "1"]
[White "Shivagami"]
[Black "MMSANCHEZ"]
[Result "0-1"]
[WhiteElo "1751"]
[BlackElo "2318"]
[TimeControl "180+2"]
[EndTime "17:08:13 PST"]
[Termination "MMSANCHEZ won by resignation"]

1. e4 e6 2. Nc3 d5 3. g3 Nf6 4. Bg2 c5 5. d3 Be7 6. f4 O-O 7. Nf3 Nc6 8. O-O Rb8 9. e5 Nd7 10. f5 Ndxe5 11. Nxe5 Nxe5 12. Bf4 Bd6 13. Qe2 Nc6 14. Bxd6 Qxd6 15. f6 Qe5 16. fxg7 Qxg7 17. Qf2 Qd4 18. Nb5 Qxf2+ 19. Rxf2 a6 20. Nc3 b5 21. a3 Bd7 22. Raf1 f5 23. Ne2 b4 24. a4 b3 25. c3 Nd8 26. Nf4 Bxa4 27. Ra1 Bb5 28.
Nxe6 Nxe6 29. Bxd5 Rb6 30. Re1 Bd7 31. Rfe2 Rf6 32.
Bc4 Kg7 33. d4 cxd4 34. cxd4 Nxd4 35. Re7+ Kh6 36. Rxd7 Nf3+ 37. Kf2 Nxe1 38. Kxe1 Rfd6 39. Rf7 Rf6 40. Re7 a5 41. Ra7 Rbc6 42. Bxb3 Rb6 43.
Bc4 Rxb2 44. Rxa5 Rxh2 45. Bd3 Kg5 46. g4 Kxg4 47. Ra4+ f4 48. Be2+ Kg3 49. Kd2 Re6 50. Kd3 Rhxe2 0-1

[Event "*** Titled Tuesday 3|2 Blitz"]
[Site "Chess.com"]
[Date "2015.11.03"]
[Round "1"]
[White "Viaje"]
[Black "DanielNaroditsky"]
[Result "0-1"]
[WhiteElo "2221"]
[BlackElo "2556"]
[TimeControl "180+2"]
[EndTime "17:08:29 PST"]
[Termination "DanielNaroditsky won by resignation"]

1. d4 Nf6 2. c4 e6 3. Nc3 Bb4 4. f3 c5 5. d5 d6 6. e4 O-O 7.
Ne2 b5 8. Nf4 e5 9. Nd3 bxc4 10.
Nf2 Nbd7 11. Bxc4 Nb6 12. Be2 c4 13. Be3 Nfd7 14. O-O Bc5 15. Bxc5 Nxc5 16. Nb5 Ba6 17. Na3 Rb8 18. Rc1 Nba4 19. Nxc4 Bxc4 20. Bxc4 Nxb2 21.
Qe2 Qa5 22. Rb1 Qc3 23. Bb3 Nbd3 24. Nxd3 Nxd3 25. Qe3 Qc5 26. Qxc5 Nxc5 27. Bc4 Rfc8 28. Kf2 Kf8 29. Be2 Ke7 30. Ke3 g6 31. Kd2 f5 32. Bd3 Kf6 33. h4 f4 34. Rfc1 h6 35. Rb5 Rxb5 36. Bxb5 Rb8 37. Bc6 Rb2+ 38. Rc2 Rxc2+ 39.
Kxc2 g5 40. hxg5+ Kxg5 41. Kd2 Kh4 42. Ke2 Kg3 43. Kf1 h5 44. Be8 h4 45. Bh5 a5 46.
Bg4 Nxe4 0-1

[Event "*** Titled Tuesday 3|2 Blitz"]
[Site "Chess.com"]
[Date "2015.11.03"]
[Round "1"]
[White "AdrianaNikolova"]
[Black "jcibarra"]
[Result "0-1"]
[WhiteElo "2205"]
[BlackElo "2540"]
[TimeControl "180+2"]
[EndTime "17:08:53 PST"]
[Termination "jcibarra won by resignation"]

1. e4 c5 2. c3 e6 3. d4 Nf6 4.
e5 Nd5 5. Nf3 cxd4 6. cxd4 d6 7.
Bc4 Nc6 8. O-O Be7 9. Qe2 O-O 10. Nc3 Nxc3 11. bxc3 dxe5 12. dxe5 Qa5 13. Bd2 Rd8 14. Bb3 Bd7 15. Qe4 Be8 16. Bc2 g6 17. Rfe1 Rd5 18.
Bb3 Rd7 19. Bg5 Qxc3 20. Rac1 Qb4 21. Rc4 Qa5 22. Bxe7 Nxe7 23. Ng5 Rad8 24. Ra4 Qc3 25. Rc4 Qa5 26. Ra4 Qd2 27. Nxe6 fxe6 28. Bxe6+ Kg7 29.
Bxd7 Bxd7 30. Rd4 Qa5 31. Red1 Bc6 32. Qf4 Rf8 33. Qg5 Qc5 34. h4 Rf5 35. Qg3 Qxe5 36. Qc3 Qf6 37. h5 Rxh5 38. R1d3 Rg5 39. g3 Rh5 40.
Rh4 Qxc3 41. Rxc3 Rd5 42. Rc1 Nf5 43. Rb4 Nd4 44. Kf1 Nf3 45. Rb3 Nd2+ 46. Ke2 Nxb3 47.
axb3 Bb5+ 48. Ke3 Rd3+ 49. Ke4 Rxb3 50. Rc7+ Kh6 51. f4 Bc6+ 52. Ke5 Rxg3 53. Kf6 Rf3 54. Kf7 Rxf4+ 55. Kg8 Bd5+ 0-1

[Event "*** Titled Tuesday 3|2 Blitz"]
[Site "Chess.com"]
[Date "2015.11.03"]
[Round "1"]
[White "TheLancer"]
[Black "steinitz_attack"]
[Result "1-0"]
[WhiteElo "2319"]
[BlackElo "1802"]
[TimeControl "180+2"]
[EndTime "17:09:04 PST"]
[Termination "TheLancer won by resignation"]

1. e4 Nf6 2. e5 Nd5 3. d4 d6 4.
Nf3 dxe5 5. Nxe5 c5 6. Bb5+ Bd7 7. Qf3 Nf6 8. Qxb7 e6 9. O-O Bxb5 10. Qxb5+ Nbd7 11. Nxd7 Qxd7 12. Qxd7+ Nxd7 13. Be3 Be7 14. Nd2 O-O 15.
dxc5 Nxc5 16. b3 Rac8 17. Bxc5 Bxc5 18. c4 Bd4 19. Rad1 e5 20. Nf3 Rfd8 21. Rd2 Bc3 22. Rc2 Bb4 23. Nxe5 f6 24. Nf3 Kf7 25. h3 h5 26. g4 hxg4 27. hxg4 a5 28. Kg2 Rd3 29. Re2 Re8 30. Rxe8 Kxe8 31. Rc1 Bc5 32. Rc2 Kf7 33. Rd2 Rc3 34. Nd4 Bxd4 35. Rxd4 Rc2 36. a3 Rb2 37. Rd3 Ra2 38. b4 axb4 39. axb4 Rc2 40. Rd4 Ke6 41. Kg3 g5 42. f3 Rc3 43. c5 Ke5 44. Rd6 Rb3 45.
Rb6 f5 46. gxf5 Kxf5 47. c6 g4 48. Rb5+ Ke6 49. Kxg4 Kd6 50. Rb6 Kc7 51. Rb7+ Kxc6 52. Rb8 Kc7 53. Rb5 Kc6 54. Rc5+ Kd6 55. Rc4 Kd5 56. Rf4 Ke5 57. b5 Ke6 58. Rf5 Rb4+ 59. f4 Rb1 60. Re5+ Kd6 61. Rh5 Rg1+ 62. Kf5 Rb1 63.
Kf6 Rf1 64. Rf5 Rb1 65. Kg6 Rg1+ 66. Rg5 Rf1 67. f5 Kc5 68. f6+ Kb6 69. f7 Rf2 70.
Rf5 Rg2+ 71. Kh5 1-0

[Event "*** Titled Tuesday 3|2 Blitz"]
[Site "Chess.com"]
[Date "2015.11.03"]
[Round "1"]
[White "E-Shaposhnikov"]
[Black "kikydu96"]
[Result "0-1"]
[WhiteElo "2515"]
[BlackElo "2231"]
[TimeControl "180+2"]
[EndTime "17:09:34 PST"]
[Termination "kikydu96 won by resignation"]

1. Nf3 Nf6 2. c4 c6 3. d4 d5 4. e3 Bf5 5. Nc3 a6 6. Bd3 Bg6 7. O-O e6 8. Bxg6 hxg6 9. Qe2 Bb4 10. Bd2 Bxc3 11. Bxc3 Ne4 12. Bb4 Nd7 13. h3 f5 14.
Ne1 g5 15. Kh2 g4 16. f3 gxh3 17. g3 Nef6 18. Bd6 Nb6 19. c5 Nc4 20. Bf4 g5 21.
Bxg5 Ng4+ 22. fxg4 Qxg5 23. Rf4 fxg4 24. b3 e5 25. Rf2 Nxe3 26. Nd3 exd4 27. Nf4 O-O-O 28.
Ne6 Qe5 29. Nxd8 Rxd8 30. Qd3 Re8 31. Re1 Qe4 32. Qxe4 dxe4 33. Rf4 Re5 34. Kg1 Kd7 35. Kf2 Ke6 36. Rf8 Rf5+ 37. Rxf5 Kxf5 38. b4 Nd5 39. Ke2 Nxb4 40. Rf1+ Ke5 41. Rf7 Nd3 42. Rxb7 Nxc5 43. Rg7 h2 44. Rh7 e3 45. Rh4 Kf5 46. a3 a5 47. a4 Nxa4 48. Kd3 Nc5+ 49. Kxd4 e2 50.
Rh5+ Kg6 0-1

[Event "*** Titled Tuesday 3|2 Blitz"]
[Site "Chess.com"]
[Date "2015.11.03"]
[Round "1"]
[White "DeviatkinAndrey"]
[Black "WanderingPuppet"]
[Result "1-0"]
[WhiteElo "2462"]
[BlackElo "2160"]
[TimeControl "180+2"]
[EndTime "17:09:38 PST"]
[Termination "DeviatkinAndrey won by resignation"]

1. d4 Nf6 2. Nf3 g6 3. Bg5 Bg7 4. Nbd2 d5 5. e3 O-O 6. Be2 c5 7.
c3 Nc6 8. O-O cxd4 9. cxd4 Bf5 10. a3 Rc8 11. Rc1 a5 12. h3 Qb6 13. Qb3 Qa7 14. Bb5 Rfd8 15. Bf4 h6 16. Qa4 Nb8 17.
Bc7 Rf8 18. Qxa5 Qxa5 19. Bxa5 Nc6 20. Bxc6 bxc6 21. Ne5 c5 22. Rxc5 Rxc5 23. dxc5 Ne4 24. Nxe4 Bxe5 25. Bc3 Bxe4 26. Bxe5 f6 27. Bc3 Kf7 28. f3 Bd3 29. Rd1 Bc4 30. e4 e6 31.
exd5 exd5 32. Kf2 Re8 33. Re1 Ra8 34. g4 Bb3 35. Re2 Rc8 36. Bd4 Bc4 37. Re3 Ra8 38.
b3 Bb5 39. a4 Bc6 40. Ke2 Rb8 41. Kd2 Bd7 42. Kc3 h5 43. Re2 hxg4 44. hxg4 Rh8 45.
Re3 Rh1 46. Kb2 Rd1 47. Kc3 Rc1+ 48. Kb4 Rd1 49. Bb2 d4 50. Re4 d3 51. Rd4 Bc6 52. Rd6 Bxf3 53. Rxf6+ Ke7 54. Rxf3 d2 55.
Rd3 Rc1 56. Rxd2 Rg1 1-0

[Event "*** Titled Tuesday 3|2 Blitz"]
[Site "Chess.com"]
[Date "2015.11.03"]
[Round "1"]
[White "jcgs1030"]
[Black "simplerXiao"]
[Result "1/2-1/2"]
[WhiteElo "2159"]
[BlackElo "2351"]
[TimeControl "180+2"]
[EndTime "17:09:38 PST"]
[Termination "Game drawn - insufficient material"]

1. e4 c5 2. Nf3 e6 3. d4 cxd4 4.
Nxd4 Nc6 5. Nc3 a6 6. Be3 Qc7 7.
Qd2 Nf6 8. O-O-O Bb4 9. f3 b5 10. a3 Be7 11. Nb3 b4 12. axb4 Nxb4 13. g4 O-O 14. g5 Ne8 15. f4 Bb7 16. Rg1 Nd6 17. Qd4 Nxe4 18. Qxd7 Rac8 19. Qxc7 Rxc7 20. Bd4 Nxc3 21.
bxc3 Nd5 22. Be5 Ba3+ 23. Kd2 Rd7 24. Bd3 Rfd8 25. Nd4 Bb2 26. Ne2 Rc8 27. Rb1 Ba3 28. Rb3 Bc5 29. Rgb1 Be3+ 30. Ke1 Bc6 31. Bxa6 Re8 32.
Rb8 Rdd8 33. Rxd8 Rxd8 34. c4 Ne7 35. Rb8 Rxb8 36. Bxb8 Be4 37. Bd6 Nc6 38. c3 Na5 39. Bb5 Bd3 40. Nd4 Bxc4 41. Bxc4 Nxc4 42. Bc7 Bg1 43.
h3 h6 44. gxh6 gxh6 45. Ke2 Kf8 46. Kf3 Ke7 47. Ne2 Bc5 48. Be5 f6 49. Bd4 Bd6 50.
Kg4 Kf7 51. Kh5 Bf8 52. f5 exf5 53. Nf4 Bd6 54. Nd5 f4 55. Bxf6 f3 56. Bd4 Bg3 57. Kxh6 f2 58. Bxf2 Bxf2 59. Kg5 Ke6 60. Nf4+ Ke5 61.
Nd3+ Ke4 62. Nxf2+ Kf3 63. Ng4 Nd6 64. Ne5+ Ke4 65.
Ng6 Kd3 66. h4 Kxc3 67. h5 Kd4 68. Kf6 Ne4+ 69. Kf5 Ng3+ 70. Kg4 Nxh5 71. Kxh5 1/2-1/2

[Event "*** Titled Tuesday 3|2 Blitz"]
[Site "Chess.com"]
[Date "2015.11.03"]
[Round "1"]
[White "ItalianMachine"]
[Black "Noukii"]
[Result "0-1"]
[WhiteElo "2253"]
[BlackElo "2630"]
[TimeControl "180+2"]
[EndTime "17:09:50 PST"]
[Termination "Noukii won by resignation"]

1. e4 Nf6 2. e5 Nd5 3. d4 d6 4. Nf3 g6 5. Bc4 Nb6 6. Bb3 Bg7 7. O-O O-O 8. h3 Nc6 9. exd6 cxd6 10. c3 h6 11. Re1 e5 12. Na3 a6 13. dxe5 dxe5 14. Be3 Qc7 15. Nc4 Nxc4 16. Bxc4 Bf5 17. Qe2 Rad8 18.
Rad1 Kh7 19. Bd5 Rd7 20. Nh4 Rfd8 21. Bb3 Rxd1 22. Rxd1 Rxd1+ 23. Qxd1 Bc8 24. g4 Qe7 25. Nf3 e4 26. Nd2 Ne5 27. Nxe4 Nxg4 28. Ng5+ hxg5 29.
hxg4 Bf6 30. Qf3 Kg7 31. Kg2 Qd7 32. Kh3 b5 33. Bd5 Qe7 34. Kg2 Bd7 35. Kh3 Be8 36.
Qxf6+ Qxf6 37. Bd4 Qxd4 38. cxd4 f5 39. Kg3 Kf6 40. Bb7 a5 41. f3 Ke7 42. Bd5 Kd6 43. Bb3 a4 44. Bg8 b4 45. Kf2 Bc6 46. Ke2 f4 47. Bf7 a3 48. bxa3 bxa3 49. Bxg6 Bb5+ 50.
Bd3 Bd7 51. Kd2 Bc6 52. Be4 Bd7 53. Kc3 Be6 54. d5 Bxd5 55. Bxd5 Kxd5 56. Kb3 Kd4 57.
Kxa3 Ke3 58. Kb4 Kxf3 59. a4 Kxg4 60. a5 f3 61. a6 f2 62. a7 f1=Q 63. a8=Q Qf4+ 64.
Kc3 Qf3+ 65. Qxf3+ Kxf3 66. Kd2 Kf2 0-1

[Event "*** Titled Tuesday 3|2 Blitz"]
[Site "Chess.com"]
[Date "2015.11.03"]
[Round "1"]
[White "saraswathii"]
[Black "Fh2411"]
[Result "1/2-1/2"]
[WhiteElo "1883"]
[BlackElo "2311"]
[TimeControl "180+2"]
[EndTime "17:10:03 PST"]
[Termination "Game drawn by repetition"]

1. e4 c5 2. Nf3 e6 3. d3 d5 4.
Nbd2 Nc6 5. g3 b6 6. Bg2 Bb7 7.
O-O Nf6 8. e5 Nd7 9. Qe2 Qc7 10.
Re1 Rc8 11. c3 b5 12. Nf1 b4 13. Bf4 h6 14. h4 Be7 15. N1h2 Qa5 16. Qd2 bxc3 17.
bxc3 Ba6 18. Ng4 Nb6 19. Rec1 Na4 20. h5 c4 21. dxc4 Bxc4 22. Ne3 Nb6 23. Ne1 Qa4 24. N1c2 Ba6 25. Nd4 Nc4 26. Nxc4 Bxc4 27. Rcb1 Qa6 28.
a4 O-O 29. Bh3 Nxd4 30. cxd4 Bd3 31. Rb2 Rc7 32. g4 Rfc8 33. g5 Rc2 34. Rxc2 Rxc2 35.
Qe3 Re2 36. Qg3 hxg5 37. Bxg5 Bxg5 38. Qxg5 Kh7 39. Rd1 Be4 40. Bf1 Bf3 41. Bxe2 Qxe2 42. Rc1 Bxh5 43. Qe3 Qg4+ 44. Kf1 Qh4 45. Kg2 Qg4+ 46.
Kh1 Qh4+ 47. Kg2 Qg4+ 48. Kh2 Qh4+ 49. Kg2 Qg4+ 1/2-1/2

[Event "*** Titled Tuesday 3|2 Blitz"]
[Site "Chess.com"]
[Date "2015.11.03"]
[Round "1"]
[White "Anton_Demchenko"]
[Black "Malev212"]
[Result "0-1"]
[WhiteElo "2645"]
[BlackElo "2283"]
[TimeControl "180+2"]
[EndTime "17:10:19 PST"]
[Termination "Malev212 won by checkmate"]

1. e4 c5 2. Nf3 a6 3. c3 e6 4. d4 d5 5. exd5 exd5 6. Be3 c4 7. b3 cxb3 8. axb3 Bd6 9. Bd3 Ne7 10. O-O Nbc6 11.
Qc2 h6 12. Nbd2 O-O 13. b4 Bd7 14. Rfe1 Rc8 15. Qb1 f5 16. Nb3 f4 17. Bd2 Bg4 18. Nc5 Bxc5 19. bxc5 Bxf3 20. gxf3 Qd7 21. Bf1 Rf6 22.
Kh1 Ng6 23. Qd3 Nh4 24. Re2 Rcf8 25. Rae1 Qf7 26. Bh3 Kh8 27. Bg4 h5 28. Be6 Qc7 29. Bh3 Qd8 30. Rg1 Rh6 31. Bc1 a5 32. Rge1 Rhf6 33. Rg1 Rh6 34. Bb2 b6 35. cxb6 Qxb6 36. Ba3 Rb8 37. Rge1 Rf6 38. Bd6 Rg8 39. Bc5 Qd8 40.
Re6 a4 41. R6e2 Na5 42. Be7 Qb6 43. Bxf6 Qxf6 44. Re8 Nc4 45. R8e6 Qf7 46. Ra6 a3 47. Be6 Re8 48. Rg1 Rxe6 49. Ra8+ Re8 50. Ra6 Qf5 51.
Qd1 Nb2 52. Qb3 Nxf3 53. Qb5 Rf8 54. Qc5 Nxg1 55. Kxg1 Nd3 56. Qd6 Qg4+ 57. Kf1 Re8 58. Qc6 Re1# 0-1

[Event "*** Titled Tuesday 3|2 Blitz"]
[Site "Chess.com"]
[Date "2015.11.03"]
[Round "1"]
[White "Cryptochess"]
[Black "Thomaslegend"]
[Result "1/2-1/2"]
[WhiteElo "2418"]
[BlackElo "2147"]
[TimeControl "180+2"]
[EndTime "17:10:30 PST"]
[Termination "Game drawn by agreement"]

1. e4 c5 2. Nc3 e6 3. g3 d5 4. exd5 exd5 5. d4 Nf6 6. Nge2 Nc6 7. Bg2 h6 8. O-O Be7 9. Be3 cxd4 10. Nxd4 O-O 11.
h3 Nxd4 12. Qxd4 Be6 13. Rad1 Qa5 14. Nxd5 Nxd5 15. Bxd5 Bf6 16. Qc5 Qxc5 17. Bxc5 Bxh3 18. Bxf8 Bxf1 19. Bxg7 Kxg7 20. Kxf1 Rd8 21. c3 Bg5 22. Ke2 b6 23. f4 Bf6 24. a4 a5 25. Rd3 Be7 26.
g4 Bc5 27. Kf3 Bg1 28. Ke4 Kf6 29. Bc4 Rxd3 30. Bxd3 Bc5 31. Kd5 Ke7 32. Kc6 Kd8 33.
Bf5 f6 34. b4 axb4 35. cxb4 Bxb4 36. Kxb6 Bd2 37. a5 Bxf4 38. a6 Be3+ 39. Kb7 Ke7 40. Kc6 h5 41. gxh5 Kf8 42. Kb7 Kg7 43. Bg4 Kh6 44.
Bf3 Bg1 45. a7 Bxa7 46. Kxa7 Kg7 47. Kb6 Kh8 48. Kc6 Kg7 49. Kd6 Kh8 50. Ke6 Kg7 51.
Ke7 Kh8 52. Kf7 Kh7 53. Ke6 Kh8 54. Kf5 Kh7 55. Bd5 Kh8 56. Bb3 Kh7 57. Bd1 Kh8 58. Bf3 Kh7 59. Bc6 Kh8 60. Bd5 Kh7 61. Be6 Kh8 62.
Kg6 f5 63. Bc4 f4 64. Kh6 f3 65. Bd3 f2 66. Bf1 Kg8 67. Kg5 Kh8 68. Kg6 Kg8 69. Kf6 Kh8 70. Bd3 Kg8 71. Kg6 f1=Q 72. Bxf1 Kh8 1/2-1/2